 Dungeon Crawl Stone Soup version 0.28.0-43-g3370ac3207 (webtiles) character file.

Game seed: 11787109046292264504

54 RascalDebosk the Stinger (level 3, -3/21 HPs)
             Began as an Octopode Venom Mage on Mar 14, 2022.
             Slain by a gnoll
             ... wielding a +1 spear of venom
              (7 damage)
             ... on level 2 of the Dungeon.
             The game lasted 00:12:39 (1320 turns).

RascalDebosk the Stinger (Octopode Venom Mage)      Turns: 1320, Time: 00:12:39

Health: -3/21      AC:  1    Str:  7    XL:     3   Next: 91%
Magic:  4/6        EV: 13    Int: 19    God:
Gold:   14         SH:  0    Dex: 12    Spells: 3/6 levels left

rFire   + . .      SeeInvis .   c - +3 dagger
rCold   x . .      Faith    .   (no shield)
rNeg    . . .      Spirit   .   (helmet restricted)
rPois   .          Reflect  .   a - amulet of the acrobat
rElec   .          Harm     .   i - ring of fire
rCorr   .          Rampage  .   (no ring)
Will    .....                   (no ring)
Stlth   +++.......              (no ring)
HPRegen 0.07/turn               (no ring)
MPRegen 0.10/turn               (no ring)
                                (no ring)
                                (no ring)

@: no status effects
A: almost no armour, amphibious, 8 rings, camouflage 1, gelatinous body 1,
(nimble swimmer 1), tentacles
a: no special abilities


You were on level 2 of the Dungeon.
You visited 1 branch of the dungeon, and saw 2 of its levels.

You collected 14 gold pieces.

Inventory:

Hand Weapons
 c - a +3 dagger (weapon)
Jewellery
 a - an amulet of the acrobat (around mantle)
 i - a ring of fire (left tentacle)
Scrolls
 d - 2 scrolls of vulnerability {unknown}
 e - a scroll of teleportation {unknown}
Potions
 b - 2 potions of magic {unknown}
 f - a potion of flight {unknown}
 g - a potion of berserk rage {unknown}
 h - a potion of curing {unknown}


   Skills:
 + Level 2.5 Dodging
 + Level 3.4 Stealth
 + Level 1.0 Unarmed Combat
 + Level 2.3 Spellcasting
 + Level 1.6 Transmutations
 + Level 4.0 Poison Magic


You had 3 spell levels left.
You knew the following spells:

 Your Spells              Type           Power      Damage    Failure   Level
a - Sting                 Tmut/Pois      52%        1d5       4%          1
b - Poisonous Vapours     Pois/Air       18%        N/A       11%         2

Your spell library contained the following spells:

 Spells                   Type           Power      Damage    Failure   Level
 Mephitic Cloud           Conj/Pois/Air  7%         N/A       28%         3
 Olgreb's Toxic Radiance  Pois           17%        N/A       30%         4


Dungeon Overview and Level Annotations

Branches:
Dungeon (2/15)

Altars:


Innate Abilities, Weirdness & Mutations

You cannot wear most types of armour.
You are amphibious.
You can wear up to eight rings at the same time.
Your skin changes colour to match your surroundings (Stealth+).
Your rubbery body absorbs attacks. (AC +1, EV +1)
((You are camouflaged when in or above water. (Stealth+)))
You have tentacles for arms and can constrict up to eight enemies at once.


Message History

The centaur skeleton barely misses you. The centaur skeleton kicks you.
The centaur skeleton barely misses you.
The centaur skeleton closely misses you.
You hit the centaur skeleton.
The centaur skeleton is heavily damaged.
The centaur skeleton closely misses you.
The centaur skeleton kicks you.
You hit the centaur skeleton. You tentacle-slap the centaur skeleton.
The centaur skeleton is severely damaged.
The centaur skeleton closely misses you. x2
You hit the centaur skeleton.
The centaur skeleton is severely damaged.
The centaur skeleton hits you. The centaur skeleton kicks you.
You hit the centaur skeleton.
The centaur skeleton is severely damaged.
The kobold shouts!
You hear a shout! x2
The centaur skeleton closely misses you.
The centaur skeleton barely misses you. x2; The centaur skeleton misses you.
You hit the centaur skeleton.
The centaur skeleton is almost destroyed.
The centaur skeleton hits you. The centaur skeleton kicks you.
You hit the centaur skeleton but do no damage.
You squeeze the centaur skeleton.
The centaur skeleton is almost destroyed.
The centaur skeleton hits you. The centaur skeleton kicks you.
You hit the centaur skeleton.
You destroy the centaur skeleton!
The gnoll hits you from afar with a +1 spear of venom!
* * * LOW HITPOINT WARNING * * *
A goblin comes into view. It is wielding a +0 club.
Your Unarmed Combat skill increases to level 1!
Your Poison Magic skill increases to level 4!
Casting: Sting (safe; 4% risk of failure)
Confirm with . or Enter, or press ? or * to list all spells.
Aiming: Poisonous Vapours (safe; 11% risk of failure)
Press: ? - help, Dir - move target, f - gnoll
Aim: a gnoll, wielding a +1 spear of venom Poisonous vapours surround the gnoll!
The gnoll is poisoned.
The gnoll hits you from afar with a +1 spear of venom!
You die...

## .# ############
.######..........################
................@.gK.............
.##.###.†........################
..#.# #..........#### #.....
#.#.# #............... #.....
..#.# #............... #.....
###.# #................ ###### #
#.##....)............
....##.................
.#####...........######


You could see a gnoll (poisoned) and a kobold.

Vanquished Creatures
  A centaur skeleton (D:2)
  3 endoplasms (D:1)
  A giant cockroach (D:1)
  A goblin (D:1)
  6 hobgoblins (D:1)
  2 ball pythons
  4 frilled lizards (D:1)
  2 kobolds (D:1)
  5 rats
25 creatures vanquished.

Notes
Turn   | Place    | Note
-------+----------+-------------------------------------------
     0 | D:1      | RascalDebosk the Octopode Venom Mage began the quest for
                  | the Orb.
     0 | D:1      | Reached XP level 1. HP: 11/11 MP: 3/3
   120 | D:1      | Found a faded altar of an unknown god.
   250 | D:1      | Reached XP level 2. HP: 11/17 MP: 0/5
  1200 | D:2      | Reached XP level 3. HP: 19/21 MP: 2/6
  1240 | D:2      | Learned a level 2 spell: Poisonous Vapours
  1290 | D:2      | Reached skill level 1 in Unarmed Combat
  1290 | D:2      | Reached skill level 4 in Poison Magic
  1320 | D:2      | Slain by a gnoll

Illustrated notes

Levels and vault maps discovered:
D:1:      lightli_arrival_statue_moat, layout_loops_ring, basic_ecumenical_altar
D:2:      minmay_diamond_boxcup, layout_basic, minivault_14

Skill      XL: |  1  2  3 |
---------------+----------+-----
Stealth        | 3 |  3.4
Unarmed Combat | 1 |  1.0
Poison Magic   | 4 |  4.0
Dodging        | |  2.5
Spellcasting   | |  2.3
Transmutations | |  1.6

Action                   || total
-------------------------++-------
Melee: Unarmed           ||    11
       Tentacles         ||     9
       Constrict         ||     5
       Dagger            ||    26
       Punch             ||     1
 Cast: Sting             ||    24
       Poisonous Vapours ||     1
 Stab: Sleeping          ||     1
Armor: Skin              ||     1
Dodge: Dodged            ||    32
